 Dungeon Crawl Stone Soup version 0.29-a0-219-g0a02b1cf4f (webtiles) character file.

Game seed: 13577295650693248012

70 jlumianski the Chopper (level 4, -2/34 HPs)
             Began as a Demonspawn Gladiator on Feb 26, 2022.
             Slain by a gnoll
             ... wielding a +0 halberd
              (8 damage)
             ... on level 2 of the Dungeon.
             The game lasted 00:10:03 (2554 turns).

jlumianski the Chopper (Demonspawn Gladiator)       Turns: 2554, Time: 00:10:03

Health: -2/34      AC:  4    Str: 16    XL:     4   Next: 3%
Magic:  4/4        EV: 12    Int:  9    God:
Gold:   109        SH:  0    Dex: 15    Spells: 3/3 levels left

rFire   . . .      SeeInvis .   a - +1 war axe
rCold   . . .      Faith    .   (no shield)
rNeg    . . .      Spirit   .   b - +0 leather armour
rPois   .          Reflect  .   c - +0 helmet
rElec   .          Harm     .   (no cloak)
rCorr   .          Rampage  .   (no gloves)
Will    .....                   (no boots)
Stlth   +.........              (no amulet)
HPRegen 0.11/turn               (no ring)
MPRegen 0.09/turn               (no ring)

@: no status effects
A: ignite blood 2
a: no special abilities


You were on level 2 of the Dungeon.
You visited 1 branch of the dungeon, and saw 2 of its levels.

You collected 109 gold pieces.

Inventory:

Hand Weapons
 a - a +1 war axe (weapon)
 l - a +0 dagger
Missiles
 d - 2 throwing nets
 f - 4 atropa-tipped darts
 g - 100 stones (quivered)
Armour
 b - a +0 leather armour (worn)
 c - a +0 helmet (worn)
Scrolls
 h - a scroll of noise {unknown}
 i - a scroll of summoning
 j - 2 scrolls of enchant weapon
 m - 3 scrolls of teleportation
Potions
 e - 2 potions of curing
 k - a potion of heal wounds
 n - a potion of haste {unknown}


   Skills:
 + Level 2.3 Fighting
 + Level 3.6 Axes
 + Level 1.9 Throwing
 + Level 1.0 Armour
 + Level 3.1 Dodging


You had 3 spell levels left.
You didn't know any spells.
Your spell library contained the following spells:

 Spells                   Type           Power      Damage    Failure   Level
 Static Discharge         Conj/Air       0%         N/A       58%         2
 Lightning Bolt           Conj/Air       0%         1d11      100%        5
 Maxwell's Capacitive Co  Air            0%         ∞         100%        8


Dungeon Overview and Level Annotations

Branches:
Dungeon (2/15)

Altars:


Innate Abilities, Weirdness & Mutations

Your demonic aura often causes spilled blood to erupt in flames.


Message History

g - 100 stones (gained 2);
h - a scroll labelled YSTRESKITWI You now have 102 gold pieces (gained 2).
Things that are here:
a +0 short sword; a +0 leather armour; a kobold corpse
Okay, then.
Things that are here:
a +0 short sword; a +0 leather armour; a kobold corpse You now have 109 gold pieces (gained 7).
n - a bubbling coppery potion A dart slug comes into view.
A gnoll comes into view. It is wielding a +0 club.
The dart slug launches a dart at you. The slug dart hits you.
A kobold comes into view. It is wielding a +0 short sword.
A gnoll comes into view. It is wielding a +0 halberd.
Found a scroll of teleportation.
The dart slug launches a dart at you. The slug dart hits you.
A bat comes into view.
There is an open door here.
The dart slug launches a dart at you. The slug dart misses you.
You close the door.
The gnoll misses you.
You hit the gnoll.
The gnoll is moderately wounded.
The gnoll hits you with a +0 club. The gnoll misses you.
The gnoll barely misses you.
You hit the gnoll.
The gnoll is severely wounded.
The gnoll hits you with a +0 club.
You hit the gnoll.
The gnoll is almost dead.
The gnoll hits you from afar with a +0 halberd.
The gnoll hits you with a +0 club.
The gnoll hits you from afar with a +0 halberd!
* * * LOW HITPOINT WARNING * * *
You open the door. The gnoll closely misses you.
The gnoll hits you from afar with a +0 halberd!
You die...

...### #......###############
...'.# #......# #
...#.#######......# #
...+.......#......# #
...#.†.....#......# #
####.......#......####### #
####.......#............# #
..)........##)####......# #
.##...........gg@'..........
.##.........#.####...........
.##........>.....+............
.#............####..........K.
.#####.....#### #............
#+ ............# #...........?
.. .....##.###.# #........ .8
.....+......# ......b ..
.....##.##### #


You could see 2 gnolls.

Vanquished Creatures
  A gnoll (D:1)
  2 adders (D:2)
  A worm (D:2)
  2 bats (D:1)
  2 endoplasms
  2 giant cockroaches (D:2)
  A goblin (D:1)
  A hobgoblin (D:2)
  3 jackals (D:1)
  8 ball pythons
  3 frilled lizards
  8 kobolds
  7 rats
41 creatures vanquished.

Notes
Turn   | Place    | Note
-------+----------+-------------------------------------------
     0 | D:1      | jlumianski the Demonspawn Gladiator began the quest for the
                  | Orb.
     0 | D:1      | Reached XP level 1. HP: 16/16 MP: 1/1
   556 | D:1      | Gained mutation: Your demonic aura sometimes causes spilled
                  | blood to erupt in flames. [demonic ancestry]
   556 | D:1      | Reached XP level 2. HP: 19/22 MP: 2/2
  1108 | D:1      | Gained mutation: Your demonic aura often causes spilled
                  | blood to erupt in flames. [demonic ancestry]
  1108 | D:1      | Reached XP level 3. HP: 27/27 MP: 3/3
  1269 | D:1      | You fall into a shaft and drop 1 floor!
  2466 | D:2      | Reached skill level 1 in Armour
  2466 | D:2      | Reached XP level 4. HP: 34/34 MP: 4/4
  2554 | D:2      | Slain by a gnoll

Illustrated notes

Levels and vault maps discovered:
D:1:      beargit_arrival_greenhouse, layout_loops_ring, nicolae_grassy_gnolls
D:2:      layout_basic, grunt_ministairs_13

Skill      XL: |  1  2  3 |
---------------+----------+-----
Axes           | 3 |  3.6
Dodging        | 3 |  3.1
Armour         | 1 |  1.0
Fighting       | |  2.3
Throwing       | |  1.9

Action                   |  1- 3 |  4- 6 || total
-------------------------+-------+-------++-------
Melee: War axe           |   119 |     7 ||   126
       Punch             |     2 |       ||     2
Throw: Dart              |     1 |       ||     1
       Throwing net      |     1 |       ||     1
  Use: Scroll            |     5 |       ||     5
       Potion            |     1 |       ||     1
 Stab: Sleeping          |     1 |       ||     1
Armor: Leather armour    |    45 |     1 ||    46
Dodge: Dodged            |    94 |     5 ||    99

Table legend: (Time is in decaauts)
 A = Elapsed time spent in this place.
 B = Non-inter-level travel time spent in this place.
 C = Inter-level travel time spent in this place.
 D = Time resting spent in this place.
 E = Time spent auto-exploring this place.
 F = Levels seen in this place.
 G = Mean time per level.
                   A        B        C        D        E       F      G
               +--------+--------+--------+--------+--------+-----+--------+
         Total |   2599 |   2556 |     43 |    501 |   1398 |   2 | 1299.5 |
       Dungeon |   2599 |   2556 |     43 |    501 |   1398 |   2 | 1299.5 |
               +--------+--------+--------+--------+--------+-----+--------+

Top non-repeatable levels by time:
     D:2: 1470 daAuts
     D:1: 1129 daAuts
